 Dungeon Crawl Stone Soup version 0.13.1-28-g3517093 (webtiles) character file.

222 CrazyArbalest the Bolt Thrower (level 4, 0/33 HPs)
             Began as a Demonspawn Hunter on Mar 19, 2014.
             Was an Initiate of Okawaru.
             Succumbed to a gnoll's poison
             ... on Level 3 of the Dungeon.
             The game lasted 00:06:34 (1742 turns).

CrazyArbalest the Bolt Thrower (Demonspawn Hunter)  Turns: 1742, Time: 00:06:34

HP   0/33        AC  7     Str 14      XL: 4   Next: 54%
MP   3/3         EV  9     Int 12      God: Okawaru [......]
Gold 117         SH  0     Dex 13      Spells:  0 memorised,  3 levels left

Res.Fire  : . . .   See Invis. : .   b - +1 crossbow
Res.Cold  : . . .   Warding    : .   k - +0 ring mail
Life Prot.: . . .   Conserve   : .   (no shield)
Res.Poison: .       Res.Corr.  : .   (no helmet)
Res.Elec. : .       Clarity    : .   (no cloak)
Sust.Abil.: . .     Spirit.Shd : .   (no gloves)
Res.Mut.  : .       Stasis     : .   (no boots)
Res.Rott. : .       Flight     : .   (no amulet)
Saprovore : . . .                    (no ring)
                                     (no ring)

@: mildly poisoned, slightly resistant to hostile enchantments, very unstealthy
A: AC +2
a: Renounce Religion


You were on level 3 of the Dungeon.
You worshipped Okawaru.
Okawaru was noncommittal.
You were not hungry.

You visited 1 branch of the dungeon, and saw 3 of its levels.

You collected 97 gold pieces.

Inventory:

Hand weapons
 a - a +0,+0 mace
 b - a +1,+1 crossbow (weapon)
Missiles
 c - 17 bolts (quivered)
Armour
 d - a +0 leather armour
 k - a +0 ring mail (worn)
 q - a +1 leather armour
Comestibles
 f - 2 bread rations
 h - a meat ration
Scrolls
 e - 2 scrolls of identify {unknown}
 j - a scroll of teleportation {unknown}
 l - a scroll of remove curse {unknown}
 m - a scroll of fog {unknown}
 n - a scroll of enchant armour {unknown}
 u - a scroll of fear {unknown}
Jewellery
 r - a cursed ring of hunger {unknown}
Potions
 g - 2 potions of restore abilities {unknown}
 i - 6 potions of curing {unknown}
 o - a potion of agility {unknown}
 p - a potion of heal wounds {unknown}
 s - a potion of poison {unknown}
 t - a potion of might {unknown}


   Skills:
 + Level 1.3 Fighting
 * Level 1.5 Maces & Flails
 + Level 4.2 Crossbows
 + Level 1.2 Armour
 + Level 2.6 Dodging
 + Level 1.0 Stealth


You had 3 spell levels left.
You didn't know any spells.

Dungeon Overview and Level Annotations

Branches:
Dungeon (3/27)

Altars:
Okawaru


Innate Abilities, Weirdness & Mutations

You are partially covered in yellow scales (AC +2).


Message History

You see here a bolt.
Things that are here:
a bolt; a gnoll corpse You offer a prayer to Okawaru.
The gnoll corpse slowly burns to ash.
Okawaru is noncommittal.
Firing (i - inventory):
c - 14 bolts (quivered)
Press: ? - help, Shift-Dir - straight line, f - giant newt
Aim: a giant newt You shoot a bolt.
The bolt hits the giant newt.
You kill the giant newt!
Okawaru accepts your kill.
c - 14 bolts (gained 1)
c - 15 bolts (gained 1)
c - 16 bolts (gained 1);
u - a scroll labeled KHAEQA SHRYRAP You see here a whip.
* * * LOW HITPOINT WARNING * * *
You feel sick.
c - 17 bolts (gained 1)
You die...

.#... .#..
#####+####...
#..........#
...........#
#..?........#
#...........# .. ..
#.....(..)..#.......
.#........@..#......
.................$...#
....###.##.#.####.#.###
#.##)............
#.##)#.#.#....####
#........)........
#.##.#.#..........
###.##..........###
#<..##.#...........


There were no monsters in sight!

Vanquished Creatures
  4 gnolls (D:3)
  An adder (D:2)
  3 giant geckos
  An ooze (D:2)
  A ball python (D:2)
  5 bats
  10 hobgoblins
  2 jackals (D:1)
  5 kobolds
  A quokka (D:2)
  3 giant cockroaches
  3 giant newts
  8 goblins
  7 rats
54 creatures vanquished.

Notes
Turn   | Place    | Note
--------------------------------------------------------------
     0 | D:1      | CrazyArbalest, the Demonspawn Hunter, began the quest for the Orb.
     0 | D:1      | Reached XP level 1. HP: 16/16 MP: 0/0
   103 | D:1      | Found an iron altar of Okawaru.
   115 | D:1      | Reached skill level 4 in Crossbows
   130 | D:1      | Gained mutation: You are partially covered in yellow scales (AC +2). [demonic ancestry]
   130 | D:1      | Reached XP level 2. HP: 22/22 MP: 1/1
   188 | D:1      | Became a worshipper of Warmaster Okawaru
   591 | D:1      | Reached skill level 1 in Stealth
   927 | D:2      | Reached XP level 3. HP: 12/27 MP: 2/2
  1573 | D:2      | Reached skill level 1 in Armour
  1662 | D:2      | Reached skill level 1 in Maces & Flails
  1688 | D:3      | Reached XP level 4. HP: 28/33 MP: 3/3
  1729 | D:3      | HP: 1/33 [poisoned by a gnoll]
  1740 | D:3      | HP: 1/33 [poisoned by a gnoll]
  1742 | D:3      | Succumbed to a gnoll's poison

Action                   |  1- 3 |  4- 6 || total
-------------------------+-------+-------++-------
Melee: Mace              |   137 |       ||   137
 Fire: Crossbow          |    30 |    13 ||    43
